 Dungeon Crawl Stone Soup version 0.27-a0-1278-g6cbc8dfb29 (webtiles) character file.

Game seed: 381395579855914895

51 bande the Shield-Bearer (level 3, -6/23 HPs)
             Began as a Gargoyle Fighter on June 12, 2021.
             Killed by divine providence
             ... invoked by an orc priest
              (11 damage)
             ... on level 4 of the Dungeon.
             The game lasted 00:01:56 (1338 turns).

bande the Shield-Bearer (Gargoyle Fighter)          Turns: 1338, Time: 00:01:56

Health: -6/23      AC: 10    Str: 19    XL:     3   Next: 81%
Magic:  3/3        EV:  7    Int:  8    God:
Gold:   22         SH:  9    Dex: 10    Spells: 2/2 levels left

rFire    . . .     SeeInvis .   a - +0 war axe
rCold    . . .     Faith    .   c - +0 kite shield
rNeg     + . .     Spirit   .   b - +0 scale mail
rPois    ∞         Reflect  .   (no helmet)
rElec    +         Harm     .   e - scarf {+Inv}
rCorr    +         Rampage  .   (no gloves)
Will     .....                  (no boots)
Stlth    ..........             (no amulet)
HPRegen  0.07/turn              f - ring of resist corrosion
MPRegen  0.08/turn              (no ring)

@: mighty
A: sickness immunity, AC +3, negative energy resistance 1, electricity
resistance, torment resistance 1, petrification resistance
a: Evoke Invisibility


You were on level 4 of the Dungeon.
You visited 1 branch of the dungeon, and saw 3 of its levels.

You collected 22 gold pieces.

Inventory:

Hand Weapons
 a - a +0 war axe (weapon)
Armour
 b - a +0 scale mail (worn)
 c - a +0 kite shield (worn)
 e - a scarf of invisibility (worn)
Jewellery
 f - a ring of resist corrosion (left hand)
Scrolls
 h - 3 scrolls of magic mapping
Potions
 d - a potion of might
 g - 2 potions of curing


   Skills:
 + Level 3.5 Fighting
 + Level 2.4 Axes
 + Level 3.5 Armour
 + Level 0.6 Dodging
 + Level 3.8 Shields
 * Level 0.5 Evocations


You had 2 spell levels left.
You didn't know any spells.
Your spell library was empty.

Dungeon Overview and Level Annotations

Branches:
Dungeon (2/15)

Altars:


Innate Abilities, Weirdness & Mutations

You are immune to sickness and miasma.
Your stone body is resilient. (AC +3)
You are immune to poison.
You resist negative energy. (rN+)
You are resistant to electric shocks. (rElec)
You are resistant to unholy torment.
You are immune to petrification.


Message History

A ball python comes into view.
You block the ball python's attack. The ball python barely misses you.
The giant cockroach bites you.
You miss the ufetubus.
The ball python hisses angrily.
You hit the giant cockroach. You slash the ball python!
You kill the ball python!
The ufetubus hits you but does no damage.
The ufetubus closely misses you.
The ufetubus hits you but does no damage. x2
The giant cockroach barely misses you. You block the orc's attack.
The ufetubus hits you but does no damage. x2
You hit the orc priest.
The orc priest is heavily wounded.
You slash the orc!
You kill the orc!
You hit the giant cockroach.
You kill the giant cockroach!
You closely miss the ufetubus. The ufetubus hits you. x2
The orc priest hits you with a +0 whip. You block the ufetubus's attack.
The ufetubus hits you but does no damage.
The orc wizard casts a spell at you.
The magic dart hits you but does no damage.
The orc priest closely misses you.
You feel very mighty all of a sudden. The ufetubus closely misses you.
The ufetubus hits you.
* * * LOW HITPOINT WARNING * * *
You block the orc priest's attack.
You closely miss the orc priest.
The orc priest is heavily wounded.
You barely miss the orc wizard. You slash the orc!
You kill the orc!
You barely miss the ufetubus.
The ufetubus hits you but does no damage. x2
An endoplasm comes into view.
The ufetubus hits you but does no damage. x2
You block the orc wizard's attack.
The orc priest mumbles some strange prayers to Beogh against you.
Beogh smites you!
You die...

#................
#................
.#................
..................
#.................
#.................
..................
.......S......J...
....###@o.$.......
.." #5o#####....
#..# #### #..#
#..# #..# #...
....


You could see an orc priest, an orc wizard, an ufetubus, an endoplasm
(wandering) and a ball python.

Vanquished Creatures
  An adder (D:2)
  A dart slug (D:1)
  2 orcs (D:4)
  3 ball pythons
  2 bats (D:1)
  2 endoplasms (D:1)
  2 giant cockroaches
  5 goblins
  4 hobgoblins (D:1)
  A kobold (D:1)
  3 quokkas
  5 frilled lizards (D:1)
  6 rats (D:1)
37 creatures vanquished.

Notes
Turn   | Place    | Note
-------+----------+-------------------------------------------
     0 | D:1      | bande the Gargoyle Fighter began the quest for the Orb.
     0 | D:1      | Reached XP level 1. HP: 14/14 MP: 1/1
    45 | D:1      | Reached XP level 2. HP: 16/19 MP: 2/2
   648 | D:1      | Reached XP level 3. HP: 19/23 MP: 3/3
  1329 | D:2      | You fall into a shaft and drop 2 floors!
  1338 | D:4      | Killed from afar by an orc priest

Illustrated notes

Levels and vault maps discovered:
D:1:      wheals_arrival_shading, layout_basic
D:2:      layout_loops_corners
D:4:      layout_basic

Skill      XL: |  1  2 |
---------------+-------+-----
Axes           | 2 |  2.4
Fighting       | |  3.5
Armour         | |  3.5
Dodging        | |  0.6
Shields        | |  3.8
Evocations     | |  0.5

Action                   || total
-------------------------++-------
Melee: War axe           ||   103
  Use: Scroll            ||     3
       Potion            ||     1
Armor: Scale mail        ||    74
Dodge: Dodged            ||    38
Block: Kite shield       ||    67

Table legend: (Time is in decaauts)
 A = Elapsed time spent in this place.
 B = Non-inter-level travel time spent in this place.
 C = Inter-level travel time spent in this place.
 D = Time resting spent in this place.
 E = Time spent auto-exploring this place.
 F = Levels seen in this place.
 G = Mean time per level.
                   A        B        C        D        E       F      G
               +--------+--------+--------+--------+--------+-----+--------+
         Total |   1400 |   1400 |      0 |      0 |   1114 |   3 |  466.7 |
       Dungeon |   1400 |   1400 |      0 |      0 |   1114 |   3 |  466.7 |
               +--------+--------+--------+--------+--------+-----+--------+

Top non-repeatable levels by time:
     D:1: 1221 daAuts
     D:2: 168 daAuts
     D:4: 10 daAuts
